 Dungeon Crawl Stone Soup version 0.21-a0-591-g2314aa1 (webtiles) character file.

6989 mopl the Cleaver (level 11, -10/99 HPs)
             Began as a Hill Orc Wanderer on Dec 22, 2017.
             Was a Believer of Beogh.
             Mangled by an orc warrior
             ... wielding a +0 trident
              (14 damage)
             ... on level 9 of the Dungeon.
             The game lasted 00:17:00 (11013 turns).

mopl the Cleaver (Hill Orc Wanderer)               Turns: 11013, Time: 00:17:01

Health: -10/99     AC: 15    Str: 19      XL:     11   Next: 8%
Magic:  16/16      EV: 10    Int: 11      God:    Beogh [**....]
Gold:   608        SH:  0    Dex: 10 (11) Spells: 10/10 levels left

rFire    . . .     SeeInvis .   a - +0 war axe
rCold    . . .     Gourm    +   (no shield)
rNeg     . . .     Faith    .   P - +0 plate armour (curse)
rPois    .         Spirit   .   (no helmet)
rElec    .         Reflect  .   (no cloak)
rCorr    +         Harm     .   (no gloves)
MR       .....                  y - +0 pair of boots
Stlth    ..........             w - amulet of the gourmand
HPRegen  0.26/turn              l - +2 ring of evasion
MPRegen  0.15/turn              B - ring of resist corrosion

@: no status effects
A: no striking features
a: Smiting, Renounce Religion


You were on level 9 of the Dungeon.
You worshipped Beogh.
Beogh was pleased with you.
You were very full.

You visited 1 branch of the dungeon, and saw 9 of its levels.
You also visited: Sewer.

You collected 608 gold pieces.

Inventory:

Hand Weapons
 a - a +0 war axe (weapon)
 b - a +0 shortbow
 e - a +2 mace of holy wrath
 m - a +0 halberd
Missiles
 c - 65 arrows
 k - 45 bolts
 x - 3 tomahawks (quivered)
 H - 8 silver javelins
 J - 2 curare-tipped needles
 O - 7 javelins
 R - 44 poisoned needles
Armour
 v - a +0 buckler
 y - a +0 pair of boots (worn)
 P - a cursed +0 plate armour (worn)
Magical Staves
 N - an uncursed staff of energy {!a}
Jewellery
 l - a +2 ring of evasion (left hand)
 o - an uncursed ring of fire
 w - an amulet of the gourmand (around neck)
 B - a ring of resist corrosion (right hand)
Wands
 z - a wand of polymorph (20)
Scrolls
 d - a scroll of vulnerability {unknown}
 g - 3 scrolls of blinking {unknown}
 h - 4 scrolls of amnesia {unknown}
 r - 2 scrolls of fear {unknown}
 u - 4 scrolls of remove curse {unknown}
 C - 2 scrolls of noise {unknown}
 D - a scroll of fog {unknown}
 F - 4 scrolls of teleportation {unknown}
 I - 2 scrolls of magic mapping {unknown}
 K - a scroll of enchant weapon {unknown}
 M - 3 scrolls of immolation {unknown}
Potions
 j - 5 potions of flight
 p - 2 potions of mutation {!q}
 q - a potion of brilliance
 s - 3 potions of curing
 t - 4 potions of ambrosia
 A - 2 potions of lignification {!q}
 E - 2 potions of resistance
 G - a potion of haste
Books
 L - a book of Geomancy

   Spells                             Type                      Level
   a - Sandblast                      Earth                        1
   b - Passwall                       Transmutation/Earth          2
   c - Stone Arrow                    Conjuration/Earth            3
   d - Petrify                        Transmutation/Earth          4
   e - Lee's Rapid Deconstruction     Earth                        5
Comestibles
 f - 20 rations


   Skills:
 + Level 9.8 Fighting
 * Level 11.1 Axes
 - Level 1.7 Bows
 + Level 9.0 Armour
 - Level 5.0 Dodging
 - Level 1.1 Shields
   Level 1.0 Summonings
   Level 4.0 Earth Magic
 + Level 6.9 Invocations
 - Level 1.0 Evocations


You had 10 spell levels left.
You didn't know any spells.

Dungeon Overview and Level Annotations

Branches:
Dungeon (9/15)             Temple (0/1) D:7             Orc (0/2) D:9
   Lair: D:8-11

Altars:
Cheibriados
Elyvilon
Fedhas
Gozag
Sif Muna
The Shining One


Message History

You feel clumsy. The quasit barely misses you.
The bullfrog hits you but does no damage.
The orc warrior hits you with a short sword!
* * * LOW HITPOINT WARNING * * *
The orc warrior misses you. The quasit misses you.
The quasit claws you but does no damage. x2
You slash the bullfrog!
The bullfrog is severely wounded.
You closely miss the orc warrior. You miss the quasit.
The bullfrog barely misses you.
The orc warrior hits you with a short sword.
* * * LOW HITPOINT WARNING * * *
The bullfrog completely misses you.
The quasit bites you but does no damage.
The quasit misses you.
The quasit claws you but does no damage.
The orc warrior hits you from afar with a trident!
You die...
Beogh appreciates the orc warrior's killing of a heretic priest.

#################################
........................[...>....
..##...........# #..........###..
..##...........###......#........
..##.............................
...............5......####'######
########'#####.F@.....#.......#
#......).....#...o....#.......#
#............#....o...'.......#
#####...######....oo..##'###### #
#>..# ...######........# #...#
.... #.....#..# #...#.....
#........# #####..... #........#
##+ .. #........#####


You could see 2 orc warriors, a bullfrog, an orc priest, a quasit and an orc.

Vanquished Creatures
  3 two-headed ogres (D:8)
  Pikel (D:8)
  A deep elf mage (D:8)
  A cyclops (D:8)
  Sigmund (D:5)
  The ghost of Thaneod the Magician, an amateur DEFE (D:4)
  A wyvern (D:8)
  Menkaure (D:7)
  2 ice beasts
  2 black bears
  A phantom (D:4)
  An orc warrior (D:9)
  A necrophage (D:8)
  A sky beast (D:5)
  5 ogres
  A centaur (D:6)
  4 bullfrogs
  A gnoll sergeant (D:7)
  A water moccasin zombie (D:7)
  A wyvern skeleton (D:8)
  A killer bee (D:7)
  3 scorpions
  2 howler monkeys (D:8)
  A crimson imp (D:7)
  3 bullfrog zombies
  A centaur zombie (D:5)
  A quasit (D:7)
  3 jellies
  8 hounds
  2 orc priests (D:9)
  The ghost of tidbits the Vexing, a weakling FeEn (Sewer)
  A gnoll shaman (D:4)
  A centaur skeleton (D:4)
  2 orc wizards (D:9)
  A bullfrog skeleton (D:8)
  An iron imp (D:6)
  Ijyb (D:4)
  3 iguanas (D:8)
  5 worker ants
  A hound skeleton (D:4)
  12 gnolls
  A worker ant zombie (D:9)
  6 adders
  A shadow imp (D:5)
  7 oozes
  2 adder zombies
  An adder skeleton (D:4)
  A worm (D:2)
  2 dart slugs
  14 leopard geckos
  13 orcs
  14 giant cockroaches
  5 hobgoblins
  3 jackals (D:8)
  3 kobolds
  4 quokkas
  9 ball pythons
  6 bats
  5 frilled lizards
  5 goblins
  3 goblin zombies (D:6)
  5 hobgoblin zombies (D:6)
  A kobold zombie (D:6)
  A leopard gecko skeleton (D:8)
  2 orc skeletons (D:6)
  An orc zombie (D:6)
  7 rats
207 creatures vanquished.

Vanquished Creatures (others)
  4 slaves (D:8)
  A bullfrog (D:8)
  An orc wizard (D:5)
  An orc priest (D:5)
  A worker ant (D:8)
8 creatures vanquished.

Grand Total: 215 creatures vanquished

Notes
Turn   | Place    | Note
-------+----------+-------------------------------------------
     0 | D:1      | mopl the Hill Orc Wanderer began the quest for the Orb.
     0 | D:1      | mopl set off with: a book of Geomancy, a +0 shortbow, 26 arrows, a potion of lignification {!q}, a +0 robe, a ration
     0 | D:1      | Reached XP level 1. HP: 16/16 MP: 1/1
   289 | D:1      | Reached skill level 1 in Armour
   396 | D:1      | Reached skill level 2 in Fighting
   396 | D:1      | Reached XP level 2. HP: 24/24 MP: 2/2
  1231 | D:2      | Reached XP level 3. HP: 30/30 MP: 3/3
  1298 | D:2      | Reached skill level 2 in Armour
  2054 | D:3      | Reached skill level 3 in Fighting
  2185 | D:3      | Reached XP level 4. HP: 19/38 MP: 4/4
  2214 | D:3      | Found a glowing drain.
  2290 | Sewer    | Entered a sewer
  2336 | Sewer    | Noticed tidbits's ghost (weakling FeEn)
  2374 | Sewer    | Killed tidbits's ghost
  2374 | Sewer    | Reached skill level 3 in Armour
  2645 | Sewer    | Reached skill level 4 in Fighting
  2668 | Sewer    | Reached XP level 5. HP: 46/46 MP: 5/5
  3202 | Sewer    | Reached skill level 5 in Fighting
  3202 | Sewer    | Reached skill level 4 in Armour
  3202 | Sewer    | Reached XP level 6. HP: 49/56 MP: 6/6
  3272 | D:3      | Found a deep blue altar of Sif Muna.
  3463 | D:4      | Noticed Thaneod's ghost (amateur DEFE)
  3482 | D:4      | Killed Thaneod's ghost
  3482 | D:4      | Reached skill level 5 in Armour
  3482 | D:4      | Reached skill level 1 in Dodging
  3482 | D:4      | Reached XP level 7. HP: 59/62 MP: 7/7
  3652 | D:4      | Reached skill level 6 in Fighting
  3652 | D:4      | Reached skill level 2 in Dodging
  4068 | D:4      | Noticed Ijyb
  4079 | D:4      | Killed Ijyb
  4425 | D:4      | Found a blossoming altar of Fedhas.
  4705 | D:5      | Entered Level 5 of the Dungeon
  4757 | D:5      | Noticed Sigmund
  4771 | D:5      | Killed Sigmund
  4771 | D:5      | Reached skill level 2 in Axes
  4771 | D:5      | Reached skill level 6 in Armour
  4771 | D:5      | Reached XP level 8. HP: 50/71 MP: 8/8
  5214 | D:5      | Reached skill level 3 in Axes
  5214 | D:5      | Reached skill level 3 in Dodging
  5287 | D:5      | Reached skill level 7 in Fighting
  5583 | D:5      | Reached skill level 4 in Axes
  5636 | D:5      | Became a worshipper of Beogh the Brigand
  5660 | D:5      | Found a blossoming altar of Fedhas.
  6186 | D:5      | Reached skill level 5 in Axes
  6434 | D:6      | Found a glowing golden altar of the Shining One.
  6519 | D:6      | Reached skill level 1 in Invocations
  6533 | D:6      | Reached XP level 9. HP: 54/79 MP: 8/10
  6644 | D:6      | Reached * piety under Beogh
  7088 | D:7      | Reached skill level 6 in Axes
  7088 | D:7      | Reached skill level 2 in Invocations
  7587 | D:6      | Found a snail-covered altar of Cheibriados.
  7622 | D:7      | Reached skill level 7 in Armour
  7679 | D:7      | Found an opulent altar of Gozag.
  7772 | D:7      | Reached skill level 4 in Dodging
  8231 | D:7      | Found a staircase to the Ecumenical Temple.
  8251 | D:7      | Noticed Menkaure
  8264 | D:7      | Killed Menkaure
  8264 | D:7      | Reached skill level 8 in Fighting
  8264 | D:7      | Reached skill level 7 in Axes
  8264 | D:7      | Reached skill level 3 in Invocations
  9256 | D:8      | Noticed Pikel
  9292 | D:8      | Killed Pikel
  9292 | D:8      | Reached skill level 8 in Axes
  9292 | D:8      | Reached skill level 4 in Invocations
  9460 | D:8      | Noticed a two-headed ogre
  9461 | D:8      | Noticed a deep elf mage
  9469 | D:8      | Reached XP level 10. HP: 59/90 MP: 13/13
  9476 | D:8      | Killed a two-headed ogre
  9476 | D:8      | Reached skill level 9 in Axes
  9476 | D:8      | Reached skill level 8 in Armour
  9477 | D:8      | Reached ** piety under Beogh
  9480 | D:8      | Noticed a two-headed ogre
  9480 | D:8      | Reached skill level 5 in Invocations
  9485 | D:8      | Killed a deep elf mage
  9485 | D:8      | Reached skill level 9 in Fighting
  9485 | D:8      | Reached skill level 5 in Dodging
  9489 | D:8      | Noticed a cyclops
 10038 | D:8      | Killed a two-headed ogre
 10038 | D:8      | Reached skill level 10 in Axes
 10038 | D:8      | Reached skill level 6 in Invocations
 10186 | D:8      | Found a white marble altar of Elyvilon.
 10303 | D:8      | Noticed a two-headed ogre
 10322 | D:8      | Killed a two-headed ogre
 10333 | D:8      | Killed a cyclops
 10333 | D:8      | Reached XP level 11. HP: 13/99 MP: 15/15
 10891 | D:9      | Reached skill level 11 in Axes
 10955 | D:9      | Found a staircase to the Orcish Mines.
 10962 | D:9      | Reached skill level 9 in Armour
 11013 | D:9      | HP: 4/99 [orc warrior/short sword (6)]
 11013 | D:9      | Mangled by an orc warrior

Vault maps used:
D:1:      giann_forest_graveyard
D:2:      first_ration
D:3:      overflow_temple_1_default, portal_sewer_entry_f
D:4:      cheibrodos_helix_gallery, fedhas_altar_1, uniq_ijyb
D:5:      wad_crossroads, kennysheep_mini, uniq_sigmund
D:6:      lemuel_upstairs_altar, nicolae_tso_besieged_by_evil
D:7:      minmay_temple_entry_poolview, basic_altar, grunt_ogre_cave,
          chequers_big_river, uniq_menkaure
D:8:      cheibrodos_ideogram_h, nicolae_overflow_crystal_walls, uniq_pikel
D:9:      minmay_orc_entry_temple_small
Sewer:    sewer_frog_island_02

Skill      XL: |  1  2  3  4  5  6  7  8  9 10 11 |
---------------+----------------------------------+-----
Armour         | 1 2 3 4 5 6 7 8 9 |  9.0
Fighting       | 2 3 4 5 6 7 8 9 |  9.8
Dodging        | 1 2 3 4 5 |  5.0
Axes           | 2 5 8 10 11 | 11.1
Invocations    | 1 4 6 |  6.9
Bows           | |  1.7
Shields        | |  1.1
Summonings     | |  1.0
Earth Magic    | |  4.0
Evocations     | |  1.0

Action                   |  1- 3 |  4- 6 |  7- 9 | 10-12 || total
-------------------------+-------+-------+-------+-------++-------
Melee: Mace              |    58 |   158 |    44 |     8 ||   268
       Halberd           |       |    16 |   154 |       ||   170
       War axe           |       |       |   297 |   147 ||   444
 Fire: Shortbow          |    39 |       |       |       ||    39
Throw: Tomahawk          |       |       |     5 |       ||     5
       Throwing net      |       |       |     1 |       ||     1
Invok: Convert to Beogh  |       |       |     1 |       ||     1
Evoke: Wand              |       |       |     6 |       ||     6
  Use: Potion            |       |     6 |     3 |     1 ||    10
       Scroll            |       |     4 |     3 |       ||     7
 Stab: Invisible         |       |       |       |     2 ||     2
  Eat: Chunk             |     4 |    17 |    20 |     5 ||    46
Armor: Robe              |     2 |       |       |       ||     2
       Ring mail         |    18 |   131 |    27 |       ||   176
       Skin              |       |    19 |       |       ||    19
       Chain mail        |       |       |   121 |       ||   121
       Plate armour      |       |       |   110 |    90 ||   200
Dodge: Dodged            |    52 |   224 |   284 |   118 ||   678

Table legend:
 A = Spawn XP
 B = Non-spawn XP
 C = Spawn XP percentage of total XP
 D = Spawn monster count
 E = Non-spawn monster count
 F = Spawn count percentage of total count
 G = Total turns spent on level
                    A         B        C        D         E        F      G
               +---------+---------+-------+---------+---------+-------+---------
         Total |       0 |    9985 |   0.0 |       0 |     208 |   0.0 | 11013
               +---------+---------+-------+---------+---------+-------+---------
           D:1 |       0 |      32 |   0.0 |       0 |      16 |   0.0 |  1226
           D:2 |       0 |      26 |   0.0 |       0 |      11 |   0.0 |   794
           D:3 |       0 |      37 |   0.0 |       0 |      15 |   0.0 |   473
           D:4 |       0 |     701 |   0.0 |       0 |      25 |   0.0 |  1473
           D:5 |       0 |     972 |   0.0 |       0 |      17 |   0.0 |  1516
           D:6 |       0 |     414 |   0.0 |       0 |      20 |   0.0 |   782
           D:7 |       0 |    1076 |   0.0 |       0 |      19 |   0.0 |  2156
           D:8 |       0 |    5804 |   0.0 |       0 |      33 |   0.0 |  1382
           D:9 |       0 |     561 |   0.0 |       0 |      14 |   0.0 |   255
         Sewer |       0 |     362 |   0.0 |       0 |      38 |   0.0 |   956
               +---------+---------+-------+---------+---------+-------+---------
